 Dungeon Crawl Stone Soup version 0.26-a0-450-ge645bd13c1 (webtiles) character file.

Game seed: 9237135838106614369

10 MrRokkomies the Ducker (level 2, -1/14 HPs)
             Began as a Felid Abyssal Knight on July 27, 2020.
             Was a Follower of Lugonu.
             Slain by a leopard gecko (4 damage)
             ... on level 1 of the Dungeon.
             The game lasted 00:02:09 (777 turns).

MrRokkomies the Ducker (Felid Abyssal Knight)        Turns: 777, Time: 00:02:09

Health: -1/14      AC:  1    Str:  8    XL:     2   Next: 10%
Magic:  4/4        EV: 19    Int: 13    God:    Lugonu [*.....]
Gold:   27         SH:  0    Dex: 15    Spells: 1/1 levels left
                                        Lives:  0   Deaths: 0

rFire    . . .     SeeInvis +     - Unarmed
rCold    . . .     Faith    .   (shield unavailable)
rNeg     . . .     Spirit   .   (armour unavailable)
rPois    .         Reflect  .   (helmet unavailable)
rElec    .         Harm     .   (cloak unavailable)
rCorr    .                      (gloves unavailable)
MR       .....                  (boots unavailable)
Stlth    ++........             (no amulet)
HPRegen  0.04/turn              (no ring)
MPRegen  0.09/turn              (no ring)

@: quick
A: very small, no armour, no weapons or thrown items, stealth, claws 1, fangs 3,
see invisible, speed 1, shaggy fur 1, sharp paws
a: Depart the Abyss, Renounce Religion


You were on level 1 of the Dungeon.
You worshipped Lugonu.
Lugonu was aware of your devotion.
You visited 1 branch of the dungeon, and saw 1 of its levels.
You visited the Abyss 1 time.

You collected 27 gold pieces.

Inventory:

Scrolls
 a - a scroll of enchant weapon {unknown}
 b - 2 scrolls of magic mapping {unknown}
 c - a scroll of blinking {unknown}
 d - 5 scrolls of remove curse {unknown}
 e - a scroll of noise {unknown}


   Skills:
 - Level 3.0 Fighting
 * Level 3.6 Dodging
 + Level 0.9 Stealth
 * Level 2.2 Unarmed Combat
 + Level 1.9 Invocations


You had one spell level left.
You didn't know any spells.
Your spell library was empty.

Dungeon Overview and Level Annotations

Branches:
Dungeon (1/15)

Altars:


Innate Abilities, Weirdness & Mutations

You cannot wear armour.
You are incapable of wielding weapons or throwing items.
Your paws allow you to move quietly. (Stealth)
You have sharp claws.
You have razor-sharp teeth.
You have supernaturally acute eyesight. (SInv)
You cover ground quickly.
You are covered in fur. (AC +1)
Your sharp claws are effective at attacking unaware monsters.


Message History

You start resting.
A hobgoblin opens the door.
It is wielding a +0 club.
You close the door.
A hobgoblin opens the door.
As you close the door, it creaks loudly!
A hobgoblin opens the door.
There's a creature in the doorway!
You scratch the leopard gecko.
The leopard gecko is almost dead.
The leopard gecko misses you.
You closely miss the leopard gecko.
The leopard gecko is almost dead.
The leopard gecko bites you.
* * * LOW HITPOINT WARNING * * *
You closely miss the leopard gecko.
The leopard gecko is almost dead.
The leopard gecko misses you.
You barely miss the leopard gecko.
The leopard gecko is almost dead.
The leopard gecko bites you.
You die...

#### ...# ...# #####
...# ###8.8##
...#############......#
.[.g...........#......#
...###########.#...8..##
...# #.#......8# ...#
#gl@.....<# ...#
###......8# ####
#...8..## # #......# #
#......# # .###8.8##
####### ###.#######
...g..## #... ...
.......#####.###.# #


You could see a leopard gecko and a hobgoblin.

Vanquished Creatures
  A leopard gecko (D:1)
  3 bats (D:1)
  A goblin (D:1)
  A hobgoblin (D:1)
  A kobold (D:1)
  3 rats (D:1)
10 creatures vanquished.

Notes
Turn   | Place    | Note
-------+----------+-------------------------------------------
     0 | Abyss:1  | MrRokkomies the Felid Abyssal Knight began the quest for
                  | the Orb.
     0 | Abyss:1  | Reached XP level 1. HP: 10/10 MP: 3/3
   136 | Abyss:1  | Noticed a guardian serpent
   137 | D:1      | Escaped the Abyss
   384 | D:1      | Reached * piety under Lugonu
   644 | D:1      | Reached XP level 2. HP: 14/14 MP: 4/4
   777 | D:1      | Slain by a leopard gecko

Illustrated notes

Levels and vault maps discovered:
D:1:      mrwooster_arrival_statue_3, layout_rooms

Action                   || total
-------------------------++-------
Melee: Unarmed           ||    48
       Bite              ||     7
       Punch             ||     1
Invok: Depart the Abyss  ||     1
 Stab: Sleeping          ||     1
Armor: Skin              ||     4
Dodge: Dodged            ||    50

Table legend: (Time is in decaauts)
 A = Elapsed time spent in this place.
 B = Non-inter-level travel time spent in this place.
 C = Inter-level travel time spent in this place.
 D = Time resting spent in this place.
 E = Time spent auto-exploring this place.
 F = Levels seen in this place.
 G = Mean time per level.
                   A        B        C        D        E       F      G
               +--------+--------+--------+--------+--------+-----+--------+
         Total |    681 |    681 |      0 |    228 |    171 |   2 |  340.5 |
       Dungeon |    569 |    569 |      0 |    228 |     69 |   1 |  569.0 |
         Abyss |    111 |    111 |      0 |      0 |    102 |   1 |  111.0 |
               +--------+--------+--------+--------+--------+-----+--------+

Top non-repeatable levels by time:
     D:1: 569 daAuts
 Abyss:1: 111 daAuts
